 Dungeon Crawl Stone Soup version 0.29-a0-838-g385bb11a5b (webtiles) character file.

Game seed: 9428496681177599296

23258 avis the Skirmisher (level 12, -4/104 HPs)
             Began as a Demigod Ice Elementalist on July 13, 2022.
             Slain by an ice beast (11 damage)
             ... summoned by an ice statue
             ... in an ice cave.
             The game lasted 02:22:05 (18991 turns).

avis the Skirmisher (Demigod Ice Elementalist)     Turns: 18991, Time: 02:22:06

Health: -4/104     AC: 23    Str: 13    XL:     12   Next: 37%
Magic:  18/23      EV: 15    Int: 17    God:
Gold:   1027       SH:  9    Dex: 36    Spells: 14/21 levels left

rFire   + + +      SeeInvis .   b - +7 sling of Taeblagi {flame, rF++ rCorr Str+4}
rCold   . . .      Faith    .   L - +1 buckler
rNeg    . . .      Spirit   .   s - +2 robe {rF+}
rPois   .          Reflect  .   y - +2 helmet
rElec   .          Harm     .   K - +0 cloak "Qearph" {Fly rF++}
rCorr   +          Rampage  .   (no gloves)
Will    +....                   o - +2 pair of boots
Stlth   ++++......              (no amulet)
HPRegen 0.27/turn               x - +6 ring of dexterity
MPRegen 0.18/turn               t - +4 ring of protection

@: ice-armoured, flying
A: high MP 1, forlorn, divine attributes
a: no special abilities


You were in an ice cave.
You visited 3 branches of the dungeon, and saw 14 of its levels.
You also visited: Ice Cave.

You collected 1027 gold pieces.

Inventory:

Hand Weapons
 a - a +3 scimitar
 b - the +7 sling of Taeblagi (weapon) {flame, rF++ rCorr Str+4}
   (You found it on level 5 of the Dungeon)

   Any ammunition fired from it burns those it strikes, dealing additional fire
   damage.
   Str:       It affects your strength (+4).
   rF:        It greatly protects you from fire.
   rCorr:     It protects you from acid and corrosion.
 H - a +0 longbow
 M - the +4 shortbow of Bursted Subterfuge {flame, rElec Will+}
   (You took it off a centaur warrior on level 9 of the Dungeon)

   Any ammunition fired from it burns those it strikes, dealing additional fire
   damage.
   rElec:     It insulates you from electricity.
   Will:      It increases your willpower.
Missiles
 c - 2 boomerangs
Armour
 o - a +2 pair of boots (worn)
 s - a +2 robe of fire resistance (worn)
 y - a +2 helmet (worn)
 K - the +0 cloak "Qearph" (worn) {Fly rF++}
   (You found it on level 9 of the Dungeon)

   rF:        It greatly protects you from fire.
   Fly:       It grants you flight.
 L - a +1 buckler (worn)
Jewellery
 t - a +4 ring of protection (right hand)
 x - a +6 ring of dexterity (left hand)
Wands
 l - a wand of polymorph (4)
 m - a wand of flame (23)
 C - a wand of iceblast (20)
 J - a wand of mindburst (3)
Scrolls
 d - a scroll of fear
 e - 2 scrolls of blinking
 f - a scroll of fog
 k - 5 scrolls of teleportation
 p - 3 scrolls of magic mapping
 u - a scroll of enchant armour
Potions
 g - 3 potions of cancellation
 i - 2 potions of haste
 j - 4 potions of lignification
 n - 2 potions of magic
 q - 6 potions of curing
 r - 2 potions of might {unknown}
 z - a potion of heal wounds {unknown}
 D - 2 potions of ambrosia {unknown}
 E - a potion of flight {unknown}
Miscellaneous
 B - a tin of tremorstones (2/2)
 S - a lightning rod (4/4)


   Skills:
 - Level 9.0 Fighting
 - Level 6.0 Long Blades
 - Level 12.0 Ranged Weapons
 - Level 3.0 Armour
 - Level 3.0 Dodging
 - Level 4.0 Stealth
 * Level 3.6 Shields
 - Level 5.0 Spellcasting
 - Level 8.0 Ice Magic
 - Level 4.0 Evocations


You had 14 spell levels left.
You knew the following spells:

 Your Spells              Type           Power      Damage    Failure   Level
a - Freeze                Ice            100%       1d11      1%          1
o - Ozocubu's Armour      Ice            31%        N/A       1%          3
r - Frozen Ramparts       Ice            62%        1d8       1%          3

Your spell library contained the following spells:

 Spells                   Type           Power      Damage    Failure   Level
 Necrotise                Necr           16%        1d4       19%         1
 Sublimation of Blood     Necr           4%         N/A       28%         2
 Hailstorm                Conj/Ice       17%        3d6       34%         4
 Dazzling Flash           Conj/Hex       8%         N/A       50%         3
 Summon Guardian Golem    Hex/Summ       4%         N/A       50%         3
 Vampiric Draining        Necr           4%         2d6       50%         3
 Animate Dead             Necr           4%         N/A       88%         4
 Petrify                  Tmut/Erth      4%         N/A       88%         4
 Agony                    Necr           4%         N/A       99%         5
 Borgnjor's Vile Clutch   Necr/Erth      2%         N/A       99%         5
 Irradiate                Conj/Tmut      2%         3d12      99%         5
 Silence                  Hex/Air        2%         N/A       99%         5
 Death Channel            Necr           2%         N/A       100%        6
 Orb of Destruction       Conj           2%         9d5       100%        7
 Spellforged Servitor     Conj/Summ      2%         N/A       100%        7
 Chain Lightning          Conj/Air       2%         3d2       100%        9
 Fire Storm               Conj/Fire      2%         8d1       100%        9
 Shatter                  Erth           2%         3d6*      100%        9


Dungeon Overview and Level Annotations

Branches:
Dungeon (10/15)            Temple (1/1) D:5            Lair (3/6) D:10
 Shoals (0/4) Lair:2        Snake (0/4) Lair:3          Orc (0/2) D:10
  IceCv (1/1)

Shops:
D:6 (   D:10 *

Portals:
Trove: D:10 (give +3 storm dragon scales)

Annotations:
D:3 2 runed translucent doors, ihfijgdoutdouutd's ghost, weakling DgHu
D:9 1 runed translucent door, Phlounder's ghost, journeyman GrFE
Lair:3 exclusion: oklob plant IceCv exclusion: 2 ice statues


Innate Abilities, Weirdness & Mutations

You have an increased reservoir of magic. (+10% MP)
You shall have no god before yourself.
Your divine heritage dramatically boosts your attributes as you level up.


Message History

You shoot a sling bullet. The sling bullet hits the ice statue!
The sling bullet melts the ice statue!
The ice statue is heavily damaged.
You are engulfed in freezing vapours.
The ice statue gestures at you. The freezing blast engulfs you!!
* * * LOW HITPOINT WARNING * * *
Fire: b) +7 sling of Taeblagi {flame, rF++ rCorr Str+4}
Press: ? - help, Q - select action, (/) - cycle Shift-Dir - straight line, f/p - ice statue
Aim: an ice statue (freezing vapour, heavily damaged, 95% to hit)
You shoot a sling bullet. The sling bullet hits the ice statue!!
The sling bullet melts the ice statue.
The ice statue is severely damaged.
You are engulfed in freezing vapours.
* * * LOW HITPOINT WARNING * * *
The ice statue gestures.
Your icy armour will break if you move.
Continue?
Your icy armour cracks and falls away as you move.
You are engulfed in freezing vapours.
* * * LOW HITPOINT WARNING * * *
You're standing in a cloud of freezing vapour!
The ice beast barely misses you.
The ice beast hits you but does no damage.
The ice beast attacks as you move away! The ice beast completely misses you.
The ice beast attacks as you move away!
The ice beast hits you but does no damage.
Casting: Ozocubu's Armour (safe; 1% risk of failure)
Confirm with . or Enter, or press ? or * to list all spells.
A film of ice covers your body!
The ice beast hits you but does no damage.
The ice beast closely misses you.
Fire: b) +7 sling of Taeblagi {flame, rF++ rCorr Str+4}
Press: ? - help, Q - select action, (/) - cycle Shift-Dir - straight line, f - ice beast
Aim: an ice beast (summoned, 78% to hit)
You shoot a sling bullet.
The sling bullet barely misses the ice beast.
The ice beast hits you.
* * * LOW HITPOINT WARNING * * *
The ice beast freezes you!
You die...

##.....##
##...## #...##
##...# ##...#
##...## #...##
#..## ##.@##
##YY# ####..##
#8#....#8#
#...°......#
#..○.........#
#..............
##..........#..
#..........## .


You could see 2 ice beasts.

Vanquished Creatures
  2 boulder beetles (D:9)
  3 hydras (Lair:2)
  2 centaur warriors (D:9)
  A two-headed ogre (D:10)
  2 ugly things (D:9)
  A cyclops (D:9)
  5 elephants (Lair:3)
  3 merfolk sirens (Lair:2)
  A torpor snail (Lair:3)
  2 cane toads
  An ice devil (IceCv)
  A kobold demonologist (D:10)
  4 komodo dragons
  A polar bear (Lair:1)
  3 trolls
  A merfolk (Lair:2)
  A hornet (D:9)
  4 dream sheep (Lair:3)
  A slime creature (D:9)
  3 shadows
  A wraith (D:9)
  A vampire (D:9)
  9 yaks
  4 wyverns
  2 basilisks
  3 acid dragons
  8 water moccasins
  3 orc warriors
  4 sky beasts
  6 black bears
  4 ogres
  4 centaurs
  4 phantoms
  16 bullfrogs
  2 kobold brigands
  2 two-headed ogre simulacra (IceCv)
  3 gnoll sergeants
  A necrophage (D:6)
  2 scorpions
  10 wights
  A troll zombie (D:10)
  7 killer bees (D:9)
  2 howler monkeys
  5 orc priests
  3 hounds (D:5)
  A jelly (D:7)
  A gnoll bouda (D:5)
  4 iguanas
  4 orc wizards
  A troll simulacrum (IceCv)
  A polar bear simulacrum (IceCv)
  A spriggan simulacrum (IceCv)
  5 ogre zombies (D:10)
  29 gnolls
  10 adders
  A naga simulacrum (IceCv)
  2 river rats (D:5)
  A shadow imp (D:6)
  14 white imps
  An ufetubus (D:6)
  2 worms (D:5)
  3 dart slugs
  19 orcs
  2 ball pythons
  11 endoplasms
  A giant cockroach (D:1)
  6 hobgoblins
  14 jackals
  3 quokkas
  6 bats
  2 frilled lizards
  5 goblins
  A goblin skeleton (D:10)
  3 goblin zombies (D:10)
  A hobgoblin skeleton (D:10)
  A hobgoblin zombie (D:10)
  12 kobolds
  2 orc skeletons (D:10)
  11 orc zombies (D:10)
  3 rats
333 creatures vanquished.

Vanquished Creatures (others)
  2 fungi
  13 plants
15 creatures vanquished.

Grand Total: 348 creatures vanquished

Notes
Turn   | Place    | Note
-------+----------+-------------------------------------------
     0 | D:1      | avis the Demigod Ice Elementalist began the quest for the
                  | Orb.
     0 | D:1      | Reached XP level 1. HP: 14/14 MP: 5/5
   263 | D:1      | Reached skill level 1 in Fighting
   365 | D:1      | Reached XP level 2. HP: 23/23 MP: 5/7
   959 | D:1      | Reached XP level 3. HP: 25/29 MP: 4/8
  1487 | D:2      | Learned a level 3 spell: Ozocubu's Armour
  2210 | D:2      | Reached XP level 4. HP: 32/38 MP: 2/9
  2776 | D:3      | Found a runed translucent door.
  2779 | D:3      | Noticed ihfijgdoutdouutd's ghost (weakling DgHu)
  3126 | D:3      | Found a runed translucent door.
  3659 | D:3      | Learned a level 3 spell: Frozen Ramparts
  3740 | D:4      | Noticed a black bear
  3750 | D:4      | Killed a black bear
  3751 | D:4      | Reached XP level 5. HP: 39/45 MP: 4/12
  3876 | D:4      | Reached skill level 5 in Ice Magic
  4076 | D:4      | Noticed a black bear
  4084 | D:4      | Noticed an ogre
  4087 | D:4      | Killed a black bear
  4088 | D:4      | Reached skill level 2 in Ranged Weapons
  4088 | D:4      | Reached XP level 6. HP: 51/51 MP: 6/13
  5196 | D:4      | Reached skill level 5 in Fighting
  5196 | D:4      | Reached XP level 7. HP: 53/61 MP: 2/15
  5414 | D:5      | Entered Level 5 of the Dungeon
  5482 | D:5      | Found a staircase to the Ecumenical Temple.
  5555 | D:5      | Identified the +7 sling of Taeblagi {flame, rF++ rCorr
                  | Str+4}
  6306 | D:6      | Found Tiojoti's Antique Weapon Shoppe.
  6428 | D:6      | Reached skill level 3 in Ranged Weapons
  6443 | D:5      | Reached XP level 8. HP: 12/68 MP: 10/17
  6720 | D:6      | Reached skill level 4 in Ranged Weapons
  6820 | D:6      | Reached skill level 5 in Ranged Weapons
  6950 | D:6      | Reached skill level 6 in Ranged Weapons
  7460 | Temple   | Entered the Ecumenical Temple
  7892 | D:7      | Reached skill level 5 in Spellcasting
  8009 | D:7      | Reached XP level 9. HP: 75/75 MP: 17/20
  8366 | D:7      | Reached skill level 7 in Ranged Weapons
  8981 | D:7      | Upgraded the game from 0.29-a0-834-g1e95ca9f62 to
                  | 0.29-a0-838-g385bb11a5b
  9225 | D:8      | Reached skill level 8 in Ranged Weapons
  9225 | D:8      | Reached skill level 1 in Long Blades
 10510 | D:9      | Found a runed translucent door.
 10510 | D:9      | Noticed Phlounder's ghost (journeyman GrFE)
 10514 | D:9      | Identified the +5 trident "Haiblati" {venom, Int+4}
 11019 | D:9      | Reached XP level 10. HP: 55/84 MP: 12/21
 11875 | D:9      | Identified the +0 cloak "Qearph" {Fly rF++}
 12162 | D:9      | Reached skill level 1 in Evocations
 12431 | D:9      | Found a runed translucent door.
 12431 | D:9      | Found a runed translucent door.
 12431 | D:9      | Noticed a centaur warrior
 12431 | D:9      | Noticed a boulder beetle
 12431 | D:9      | Noticed a cyan ugly thing
 12431 | D:9      | Noticed a cyclops
 12433 | D:9      | Identified the +4 shortbow of Bursted Subterfuge {flame,
                  | rElec Will+}
 12433 | D:9      | Noticed a centaur warrior
 12439 | D:9      | Killed a cyclops
 12440 | D:9      | Reached skill level 1 in Armour
 12447 | D:9      | Noticed a boulder beetle
 12448 | D:9      | Killed a centaur warrior
 12456 | D:9      | Killed a boulder beetle
 12457 | D:9      | Reached skill level 9 in Ranged Weapons
 12493 | D:9      | Noticed a cyan ugly thing
 12509 | D:9      | Killed a cyan ugly thing
 12682 | D:9      | Identified the +4 great sword of Valour {vorpal, Contam rN+
                  | Int+4}
 12690 | D:9      | Identified the +8 glaive "Umuthru" {flame, Fly rN+ Dex+4
                  | SInv}
 12716 | D:9      | Killed a cyan ugly thing
 12717 | D:9      | Killed a centaur warrior
 12718 | D:9      | Reached skill level 10 in Ranged Weapons
 12718 | D:9      | Reached XP level 11. HP: 47/92 MP: 16/22
 12725 | D:9      | Killed a boulder beetle
 12726 | D:9      | Reached skill level 5 in Long Blades
 13459 | D:10     | Entered Level 10 of the Dungeon
 13723 | D:10     | Found a staircase to the Orcish Mines.
 13927 | D:10     | Found a staircase to the Lair.
 13991 | D:10     | Found a portal to a secret trove of treasure.
 14255 | D:10     | Found Fies's Gadget Gallery.
 14371 | D:10     | Noticed a two-headed ogre
 14379 | D:10     | Killed a two-headed ogre
 15086 | Lair:1   | Entered Level 1 of the Lair of Beasts
 16734 | Lair:2   | Found a staircase to the Shoals.
 16789 | Lair:2   | Noticed a five-headed hydra
 16798 | Lair:2   | Killed a five-headed hydra
 16799 | Lair:2   | Reached skill level 11 in Ranged Weapons
 17162 | Lair:2   | Noticed an eight-headed hydra
 17170 | Lair:2   | Killed an eight-headed hydra
 17171 | Lair:2   | Reached XP level 12. HP: 93/101 MP: 17/23
 17345 | Lair:2   | Noticed a seven-headed hydra
 17363 | Lair:2   | Killed a seven-headed hydra
 17779 | Lair:3   | Reached skill level 12 in Ranged Weapons
 17879 | Lair:3   | Found a frozen archway.
 17888 | IceCv    | Entered an ice cave
 18991 | IceCv    | Slain by an ice beast

Illustrated notes

Levels and vault maps discovered:
D:1:      dpeg_arrival_shrine, layout_loops_ring
D:2:      layout_basic
D:3:      layout_basic, ebering_ghost_sewer_f,
          dreamdust_ecumenical_altar_angels_and_demons
D:4:      layout_cave_pods, nicolae_dithmenos_the_darkroom, tgw_sif,
          gammafunk_temple_overflow_claw, minmay_crystal_room,
          minmay_misc_feat_square
D:5:      layout_loops_cross, grunt_temple_overflow_open,
          minmay_temple_entry_statues_fountains, lightli_sewer_entry_pipes
D:6:      layout_cave_pools, serial_shops, nicolae_shop_overgrown_old_shop
D:7:      layout_basic, mainiacjoe_overflow_tiny_flanked,
          mainiacjoe_overflow_boulevard, general_overflow_altar,
          dreamdust_mushroom_princess
D:8:      layout_loops_ring
D:9:      minmay_the_grid_triangle_9x9_rhombus_full
          [minmay_the_grid_triangle_9x9_descending_squares,
          minmay_the_grid_triangle_9x9_dagger,
          minmay_the_grid_triangle_9x9_skeleton,
          minmay_the_grid_triangle_9x9_odd_lines,
          minmay_the_grid_triangle_9x9_minimal,
          minmay_the_grid_triangle_9x9_tough_junction,
          minmay_the_grid_triangle_9x9_thin_v,
          minmay_the_grid_triangle_9x9_prize_insulated], layout_layer_cave,
          mainiacjoe_overflow_alcove_4, ebering_ghost_funeral_grove
D:10:     layout_irregular_city, lair_entry_dummy, zombieorc1_lemuel,
          nicolae_trove_entry_isolated, st_stairs_11, nicolae_shop_gadgets
Temple:   minmay_freezing_vapour_temple
Lair:1:   layout_regular_city
Lair:2:   layout_regular_city, elwin_shoals_entry_stream, grunt_megastairs_1
Lair:3:   layout_regular_city, dummy_snake_entry, portal_ice_cave_entry_imps,
          beast_lair_carwin_4
IceCv:    ice_cave_small_demon

Skill      XL: |  1  2  3  4  5  6  7  8  9 10 11 12 |
---------------+-------------------------------------+-----
Fighting       | 1 2 3 5 6 7 8 9 |  9.0
Spellcasting   | 2 3 4 5 |  5.0
Ice Magic      | 4 5 6 7 8 |  8.0
Ranged Weapons | 2 3 6 8 10 11 12 | 12.0
Long Blades    | 4 6 |  6.0
Evocations     | 2 3 4 |  4.0
Stealth        | 2 3 4 |  4.0
Shields        | 2 3 |  3.6
Dodging        | 2 3 |  3.0
Armour         | 2 3 |  3.0

Action                   |  1- 3 |  4- 6 |  7- 9 | 10-12 || total
-------------------------+-------+-------+-------+-------++-------
Melee: Short sword       |    41 |    15 |       |       ||    56
       Dagger            |       |     1 |     6 |       ||     7
       Scimitar          |       |       |       |    38 ||    38
 Fire: Sling             |     9 |   101 |   261 |   442 ||   813
 Cast: Freeze            |    45 |    42 |    38 |    11 ||   136
       Ozocubu's Armour  |     3 |    15 |    44 |    57 ||   119
       Frozen Ramparts   |       |     8 |    16 |    32 ||    56
Evoke: Wand              |       |       |       |     2 ||     2
  Use: Potion            |       |     1 |     1 |     2 ||     4
       Scroll            |       |       |     6 |    11 ||    17
 Stab: Sleeping          |     7 |     1 |       |       ||     8
       Distracted        |     1 |       |       |       ||     1
Armor: Robe              |    23 |    46 |    68 |   120 ||   257
       Skin              |       |       |       |     1 ||     1
Dodge: Dodged            |    43 |    85 |   128 |   142 ||   398
Block: Buckler           |       |       |    13 |    72 ||    85

Table legend: (Time is in decaauts)
 A = Elapsed time spent in this place.
 B = Non-inter-level travel time spent in this place.
 C = Inter-level travel time spent in this place.
 D = Time resting spent in this place.
 E = Time spent auto-exploring this place.
 F = Levels seen in this place.
 G = Mean time per level.
                   A        B        C        D        E       F      G
               +--------+--------+--------+--------+--------+-----+--------+
         Total |  19113 |  17718 |   1395 |   7778 |   5868 |  15 | 1274.2 |
       Dungeon |  15134 |  13814 |   1320 |   5931 |   4592 |  10 | 1513.4 |
        Temple |    228 |    224 |      4 |    136 |      0 |   1 |  228.0 |
          Lair |   2642 |   2572 |     70 |    727 |   1276 |   3 |  880.7 |
      Ice Cave |   1107 |   1107 |      0 |    984 |      0 |   1 | 1107.0 |
               +--------+--------+--------+--------+--------+-----+--------+

Top non-repeatable levels by time:
     D:9: 3196 daAuts
     D:4: 1886 daAuts
     D:1: 1465 daAuts
     D:5: 1439 daAuts
     D:7: 1389 daAuts
    D:10: 1315 daAuts
  Lair:1: 1264 daAuts
  Lair:2: 1251 daAuts
     D:2: 1230 daAuts
     D:8: 1165 daAuts
     D:6: 1122 daAuts
   IceCv: 1107 daAuts
     D:3: 923 daAuts
  Temple: 228 daAuts
  Lair:3: 126 daAuts
